 Dungeon Crawl Stone Soup version 0.20.1-1-g8b1a95d (webtiles) character file.

185583 Jazqa the Warrior (level 18, -1/131 HPs)
             Began as a Kobold Berserker on Oct 23, 2017.
             Was a High Priest of Trog.
             Slain by an ogre
             ... wielding a cursed +0 giant club
              (25 damage)
             ... on level 1 of the Vaults.
             The game lasted 01:31:14 (42067 turns).

Jazqa the Warrior (Kobold Berserker)               Turns: 42067, Time: 01:31:14

Health: -1/131     AC: 12    Str: 18    XL:     18   Next: 67%
Magic:  0/6        EV: 33    Int: 10    God:    Trog [*****.]
Gold:   2310       SH: 11    Dex: 22    Spells: 17/17 levels left

rFire    . . .     SeeInvis .   M - +7 quick blade (antimagic)
rCold    . . .     Gourm    .   N - +3 buckler of the Aged Blessings {rElec}
rNeg     . . .     Faith    +   i - +1 ring mail "Liofoog" {Regen+ Dex+2}
rPois    +         Spirit   +   (no helmet)
rElec    +         Reflect  .   K - scarf {Spirit}
rCorr    .         Harm     .   F - +2 pair of gloves
MR       +....                  (no boots)
Stlth    +.........             y - amulet of faith
Regen    0.8/turn               L - ring of poison resistance
MPRegen  0.1/turn               n - ring "Cempocs" {+Inv rElec EV+2 Str+3}

@: berserk cooldown, slowed, very slow
A: carnivore 3
}: 1/15 runes: decaying
a: Berserk, Trog's Hand, Brothers in Arms, Burn Spellbooks, Renounce Religion,
Evoke Invisibility


You were on level 1 of the Vaults.
You worshipped Trog.
Trog was extremely pleased with you.
You were very full.

You visited 5 branches of the dungeon, and saw 28 of its levels.
You visited the Abyss 1 time.

You collected 2884 gold pieces.
You spent 574 gold pieces at shops.

Inventory:

Hand Weapons
 j - the +4 dagger "Yfetor" {freeze, Str+7}
   (You bought it in a shop on level 2 of the Orcish Mines)

   It has been specially enchanted to freeze those struck by it, causing extra
   injury to most foes and up to half again as much damage against particularly
   susceptible opponents.
   It can also slow down cold-blooded creatures.
   It affects your strength (+7).
 D - a +5 rapier of protection
 M - a +7 antimagic quick blade (weapon)
Armour
 i - the +1 ring mail "Liofoog" (worn) {Regen+ Dex+2}
   (You bought it in a shop on level 2 of the Orcish Mines)

   It affects your dexterity (+2).
   It increases your rate of regeneration.
 r - a +2 scale mail of magic resistance
 u - a +1 ring mail of fire resistance
 F - a +2 pair of gloves (worn)
 J - a +1 cloak of poison resistance
 K - a scarf of spirit shield (worn)
 N - the +3 buckler of the Aged Blessings (worn) {rElec}
   (You found it on level 6 of the Lair of Beasts)

   It insulates you from electricity.
 V - +0 ice dragon scales
Jewellery
 f - an uncursed ring of flight
 n - the ring "Cempocs" (right hand) {+Inv rElec EV+2 Str+3}
   (You acquired it on level 3 of the Swamp)

   [ring of evasion]

   It affects your evasion (+2).
   It affects your strength (+3).
   It insulates you from electricity.
   It lets you turn invisible.
 p - an uncursed ring of fire
 y - an amulet of faith (around neck)
 B - an uncursed ring of ice
 L - a ring of poison resistance (left hand)
Wands
 b - a wand of clouds (7/9)
 A - a wand of confusion (16/48)
 C - a wand of scattershot (4/9)
 G - a wand of digging (19/24)
 I - a wand of polymorph (17/24)
 S - a wand of disintegration (14/24)
 W - a wand of lightning (7/15)
 X - a wand of acid (3/15)
Scrolls
 d - 3 scrolls of fear
 e - a scroll of identify
 g - 7 scrolls of fog
 h - 7 scrolls of teleportation
 k - 5 scrolls of magic mapping
 l - a scroll of brand weapon
 m - 4 scrolls of recharging
 o - 3 scrolls of enchant armour
 z - 2 scrolls of immolation
 T - 2 scrolls of enchant weapon
 Z - 4 scrolls of remove curse
Potions
 a - 9 potions of curing
 s - 5 potions of resistance
 v - 3 potions of magic
 E - 2 potions of invisibility
 O - a potion of cancellation
 U - a potion of might
 Y - 3 potions of flight
Books
 w - a book of Geomancy

   Spells                             Type                      Level
   a - Sandblast                      Earth                        1
   b - Passwall                       Transmutation/Earth          2
   c - Stone Arrow                    Conjuration/Earth            3
   d - Petrify                        Transmutation/Earth          4
   e - Lee's Rapid Deconstruction     Earth                        5
   Trog disapproves of the use of such an item.
 x - a book of Callings

   Spells                             Type                      Level
   a - Summon Small Mammal            Summoning                    1
   b - Call Imp                       Summoning                    2
   c - Call Canine Familiar           Summoning                    3
   d - Summon Guardian Golem          Hexes/Summoning              3
   e - Summon Lightning Spire         Summoning/Air                4
   f - Summon Ice Beast               Ice/Summoning                4
   Trog disapproves of the use of such an item.
 P - a book of Minor Magic

   Spells                             Type                      Level
   a - Magic Dart                     Conjuration                  1
   b - Blink                          Translocation                2
   c - Call Imp                       Summoning                    2
   d - Slow                           Hexes                        2
   e - Conjure Flame                  Conjuration/Fire             3
   f - Mephitic Cloud                 Conjuration/Poison/Air       3
   Trog disapproves of the use of such an item.
Comestibles
 c - 11 meat rations
 q - 29 royal jellies
 t - 15 chunks of flesh


   Skills:
 + Level 20.8 Fighting
 - Level 14.0 Short Blades
 + Level 12.2 Armour
 + Level 17.7 Dodging
 + Level 0.0 Stealth
 - Level 6.7 Shields


You had 17 spell levels left.
You didn't know any spells.

Dungeon Overview and Level Annotations

Branches:
Dungeon (15/15)            Temple (0/1) D:5            Lair (6/6) D:8
  Swamp (4/4) Lair:2        Snake (0/4) Lair:4        Slime (0/5) Lair:5
    Orc (2/2) D:11            Elf (0/3) Orc:2        Vaults (1/5) D:14
 Depths (0/5) D:15

Altars:
Ashenzari
Fedhas
Nemelex Xobeh
Sif Muna
The Shining One
Beogh

Shops:
D:6 !   D:11 *   Orc:2 :*[(


Innate Abilities, Weirdness & Mutations

You are small and have problems with some larger weapons.
You are carnivorous and can eat meat at any time.


Message History

The ogre completely misses you.
Unknown command.
You puncture the two-headed ogre!
The two-headed ogre is moderately wounded.
You block the ogre's attack.
The two-headed ogre hits you with a dire flail.
The two-headed ogre completely misses you.
You hit the two-headed ogre.
The two-headed ogre is moderately wounded.
The vault warden completely misses you.
The two-headed ogre hits you with a giant spiked club!
The two-headed ogre hits you with a giant club!!
* * * LOW HITPOINT WARNING * * *
You hit the two-headed ogre.
The two-headed ogre is heavily wounded.
The ironbrand convoker points at the ogre mage and mumbles some strange words.
The ogre mage seems to grow stronger.
The two-headed ogre closely misses you.
The two-headed ogre completely misses you.
The ogre hits you with a giant club!!
You die...

.....'.....#.......#
#.....#
.....#.....#.......#
#.....#
.....#.....#########
#.....# '#####.....#
#.....# )).# #.....#
#.....+ ...# #.....#
#.....# ...#
#....)###############.....#
...#
#..........OOp............#
...#
#....(.....@OOO.........(.#
...#
#...........OpOO..........#
####
#....(.......O.)..........#
#....(....................#
#......##############.....#
#......# #.......#.....#
#......# #......)#.....#
#......# #......)O)....#
#......# #......)#.....#


You could see a vault warden, 5 two-headed ogres, an ogre mage, an ironbrand
convoker and 3 ogres.

Vanquished Creatures
  Nikola (Swamp:3)
  A bone dragon (Vaults:1)
  Jorgrun (Swamp:3)
  Kirke (Swamp:1)
  5 thorn hunters
  Donald (Orc:2)
  A vault warden (Vaults:1)
  An orc warlord (Orc:2)
  2 ironheart preservers (Vaults:1)
  The ghost of equalderp2856 the Severer, a journeyman MiFi (D:9)
  A stone giant (Vaults:1)
  Nessos (Orc:2)
  Snorg (Orc:2)
  A yaktaur captain (Vaults:1)
  2 rakshasas
  5 vault guards
  11 hydras
  3 ice dragons
  2 catoblepae (Lair:6)
  4 centaur warriors
  13 two-headed ogres
  An orc high priest (Orc:2)
  8 alligators
  An ogre mage (Vaults:1)
  7 death yaks (Lair:6)
  A tengu warrior (D:14)
  Urug (D:15)
  A deep elf knight (D:13)
  A shadow wraith (Vaults:1)
  The ghost of equalderp2856 the Cleaver, a novice MiFi (D:7)
  3 skeletal warriors (Vaults:1)
  The ghost of ceb the Skirmisher, a novice DsHu of Qazlal (D:8)
  3 unseen horrors
  A flayed ghost (Vaults:1)
  A lindwurm (Lair:6)
  A spriggan druid (Swamp:4)
  A lindwurm (shapeshifter) (D:13)
  A swamp dragon (Swamp:1)
  2 wizards (Vaults:1)
  3 orc knights (Orc:2)
  4 ironbrand convokers (Vaults:1)
  2 orc sorcerers (Orc:2)
  A wolf spider (Vaults:1)
  3 cyclopes
  8 ugly things
  An oklob plant (Lair:5)
  A faun (shapeshifter) (D:15)
  3 manticores
  13 elephants
  Maurice (D:10)
  4 black mambas
  2 torpor snails (Lair:6)
  A gargoyle (D:14)
  17 spiny frogs
  6 komodo dragons
  A rime drake (shapeshifter) (D:15)
  4 rime drakes
  A kobold demonologist (D:14)
  4 freezing wraiths (Swamp:4)
  5 yaktaurs
  3 trolls
  6 polar bears (Lair:6)
  A queen bee (D:11)
  A wind drake (shapeshifter) (Vaults:1)
  5 tyrant leeches
  6 hornets
  Grinder (D:4)
  5 bog bodies
  25 slime creatures
  19 blink frogs
  A meliai zombie (D:11)
  A hippogriff (shapeshifter) (D:15)
  8 hippogriffs
  7 dream sheep (Lair:6)
  3 raiju (Lair:6)
  5 spriggans
  2 wraiths (Vaults:1)
  A shadow (D:14)
  59 yaks
  6 wyverns
  5 basilisks
  4 fire bats (Lair:3)
  29 vampire mosquitoes
  4 swamp worm simulacra (Swamp:4)
  20 insubstantial wisps
  6 wargs
  8 hydra simulacra (Swamp:4)
  5 acid dragons
  14 hell hounds (Lair:6)
  32 swamp worms
  26 water moccasins
  11 black bears
  16 porcupines
  13 orc warriors
  3 sky beasts
  A hornet zombie (D:7)
  4 ice beasts
  A phantom (D:12)
  5 swamp drakes
  A black bear (shapeshifter) (D:13)
  16 ogres
  3 boggarts (D:15)
  13 centaurs
  12 wolves (Lair:6)
  16 crocodiles
  2 big kobolds
  Blork the orc (D:5)
  25 bullfrogs
  3 scorpions
  26 killer bees (D:11)
  28 wights
  2 howler monkeys
  3 electric eels
  15 jellies
  A lava snake (Lair:3)
  6 crimson imps
  3 centaur skeletons
  10 orc priests
  2 bullfrog skeletons (D:11)
  3 bullfrog zombies
  8 hounds
  Jessica (D:2)
  18 orc wizards
  3 iguanas
  5 hell rats (Lair:5)
  11 worker ants
  A howler monkey zombie (D:10)
  6 gnolls
  17 adders
  4 shadow imps
  2 white imps (Lair:6)
  4 swamp drake simulacra (Swamp:4)
  5 oozes
  2 adder zombies
  3 dart slugs
  5 leopard geckos
  67 orcs
  A ball python (Lair:4)
  8 bats
  8 giant cockroaches
  22 goblins
  A hobgoblin (shapeshifter) (D:15)
  18 hobgoblins
  15 jackals
  A quokka (D:9)
  5 frilled lizards
  A giant cockroach zombie (D:5)
  25 kobolds
  A quokka zombie (D:5)
  10 rats
  4 briar patches
1025 creatures vanquished.

Vanquished Creatures (collateral kills)
  Erolcha (Orc:2)
  A vault guard (D:14)
  5 hydras
  A centaur warrior (D:14)
  3 ice dragons
  An orc high priest (Orc:2)
  A fire crab (Lair:6)
  An unseen horror (D:14)
  2 orc sorcerers (Orc:2)
  7 ugly things
  A freezing wraith (Vaults:1)
  3 polar bears (Lair:6)
  A merfolk (shapeshifter) (Vaults:1)
  A wyvern (D:8)
  A yak (D:8)
  An insubstantial wisp (Swamp:3)
  A warg (Lair:6)
  7 hydra simulacra (Swamp:4)
  A water moccasin (Lair:6)
  A porcupine (Lair:1)
  8 orc warriors (Orc:2)
  A black bear (Lair:6)
  A wolf (Lair:6)
  A crocodile (Lair:3)
  A hound (D:8)
  7 orc priests (Orc:2)
  4 orc wizards (Orc:2)
  11 orcs (Orc:2)
75 creatures vanquished.

Vanquished Creatures (others)
  A ghost crab (Swamp:4)
  3 humans (Swamp:1)
  A swamp worm (Swamp:3)
  A sky beast (D:13)
  A boggart (D:15)
  2 briar patches (Swamp:3)
  5 bushes
  26 fungi
  35 plants
75 creatures vanquished.

Grand Total: 1175 creatures vanquished

Notes
Turn   | Place    | Note
-------+----------+-------------------------------------------
     0 | D:1      | Jazqa the Kobold Berserker began the quest for the Orb.
     0 | D:1      | Reached XP level 1. HP: 14/14 MP: 1/1
    41 | D:1      | Reached XP level 2. HP: 16/19 MP: 2/2
   638 | D:1      | Reached XP level 3. HP: 23/23 MP: 3/3
   685 | D:1      | Reached ** piety under Trog
  1191 | D:2      | Reached XP level 4. HP: 26/28 MP: 4/4
  1678 | D:2      | Noticed Jessica
  1740 | D:2      | Killed Jessica
  1740 | D:2      | Reached skill level 4 in Fighting
  1740 | D:2      | Reached skill level 5 in Short Blades
  1855 | D:2      | Reached XP level 5. HP: 32/33 MP: 5/5
  2320 | D:3      | Reached *** piety under Trog
  2562 | D:3      | Found a blossoming altar of Fedhas.
  2686 | D:4      | Noticed Grinder
  2702 | D:4      | Killed Grinder
  2702 | D:4      | Reached skill level 5 in Fighting
  2702 | D:4      | Reached XP level 6. HP: 34/40 MP: 6/6
  2702 | D:4      | Reached XP level 7. HP: 37/44 MP: 7/7
  3653 | D:4      | Reached **** piety under Trog
  3691 | D:4      | Reached skill level 6 in Fighting
  3876 | D:4      | Found a roughly hewn altar of Beogh.
  4059 | D:5      | Entered Level 5 of the Dungeon
  4098 | D:5      | Reached XP level 8. HP: 46/52 MP: 8/8
  4297 | D:5      | Noticed Blork the orc
  4307 | D:5      | Found a staircase to the Ecumenical Temple.
  4487 | D:5      | Reached skill level 7 in Fighting
  4916 | D:5      | Killed Blork the orc
  4997 | D:5      | Reached skill level 5 in Dodging
  5144 | D:6      | Reached XP level 9. HP: 43/59 MP: 9/9
  5157 | D:6      | Reached skill level 8 in Fighting
  5474 | D:6      | Reached skill level 10 in Short Blades
  5588 | D:6      | Found a deep blue altar of Sif Muna.
  5592 | D:6      | Found a glowing golden altar of the Shining One.
  5721 | D:6      | Found a shattered altar of Ashenzari.
  5865 | D:6      | Found Lyrchaur's Distillery.
  6003 | D:7      | Found a sparkling altar of Nemelex Xobeh.
  6275 | D:7      | Reached skill level 9 in Fighting
  6540 | D:7      | Found Fouxima's Food Emporium.
  6721 | D:7      | Noticed equalderp2856's ghost (novice MiFi)
  6747 | D:7      | Killed equalderp2856's ghost
  6747 | D:7      | Reached XP level 10. HP: 66/66 MP: 10/10
  7076 | D:7      | Reached ***** piety under Trog
  7383 | D:8      | Noticed ceb's ghost (novice DsHu)
  7400 | D:8      | Killed ceb's ghost
  7400 | D:8      | Reached skill level 10 in Fighting
  8251 | D:8      | Reached skill level 10 in Dodging
  8264 | D:8      | Reached skill level 11 in Fighting
  8264 | D:8      | Reached XP level 11. HP: 44/74 MP: 11/11
  8288 | D:8      | Found a staircase to the Lair.
  8747 | D:8      | Noticed a two-headed ogre
  8760 | D:8      | Killed a two-headed ogre
  9350 | Lair:1   | Entered Level 1 of the Lair of Beasts
 10158 | Lair:1   | Noticed an eight-headed hydra
 10161 | Lair:1   | Killed an eight-headed hydra
 10161 | Lair:1   | Reached skill level 12 in Fighting
 11070 | Lair:1   | Noticed an elephant
 11093 | Lair:1   | Killed an elephant
 11452 | Lair:1   | Reached XP level 12. HP: 82/82 MP: 12/12
 11979 | Lair:2   | Received a gift from Trog
 12600 | Lair:2   | Noticed a seven-headed hydra
 12603 | Lair:2   | Killed a seven-headed hydra
 12845 | Lair:2   | Found a staircase to the Swamp.
 13041 | Lair:2   | Reached skill level 13 in Fighting
 13761 | Lair:3   | Noticed a seven-headed hydra
 13771 | Lair:3   | Killed a seven-headed hydra
 13771 | Lair:3   | Reached skill level 5 in Armour
 13825 | Lair:3   | Found a dark tunnel.
 14409 | Lair:4   | Reached XP level 13. HP: 89/89 MP: 13/13
 14495 | Lair:4   | Received a gift from Trog
 14495 | Lair:4   | Reached skill level 14 in Fighting
 14564 | Lair:4   | Found a staircase to the Snake Pit.
 16162 | Lair:5   | Reached skill level 15 in Fighting
 16318 | Lair:5   | Found a staircase to the Slime Pits.
 16722 | Lair:5   | Received a gift from Trog
 17795 | Lair:6   | Entered Level 6 of the Lair of Beasts
 17819 | Lair:6   | Noticed an eight-headed hydra
 17829 | Lair:6   | Killed an eight-headed hydra
 18418 | Lair:6   | Noticed a five-headed hydra
 18430 | Lair:6   | Reached XP level 14. HP: 77/98 MP: 14/14
 18791 | Lair:6   | Reached skill level 16 in Fighting
 18808 | Lair:6   | Got a faintly glowing buckler
 18815 | Lair:6   | Identified the +3 buckler of the Aged Blessings {rElec} (You found it on level 6 of the Lair of Beasts)
 18914 | Lair:6   | Reached skill level 1 in Shields
 19263 | Lair:6   | Received a gift from Trog
 19672 | Lair:6   | HP: 2/100 [ice dragon/blast of cold (38)]
 20742 | Lair:6   | Reached skill level 5 in Shields
 20751 | Lair:6   | Reached skill level 17 in Fighting
 21045 | Lair:6   | Reached XP level 15. HP: 80/107 MP: 6/15
 21950 | D:9      | Noticed equalderp2856's ghost (journeyman MiFi)
 21964 | D:9      | Killed equalderp2856's ghost
 22058 | D:10     | Entered Level 10 of the Dungeon
 22179 | D:10     | Noticed Maurice
 22204 | D:10     | Killed Maurice
 22350 | D:10     | Reached ****** piety under Trog
 22350 | D:10     | Received a gift from Trog
 23117 | D:11     | Found a staircase to the Orcish Mines.
 23200 | D:11     | Found Cyxyzuri's Serpentskin Sales.
 23355 | D:11     | Received a gift from Trog
 23601 | Orc:1    | Entered Level 1 of the Orcish Mines
 23732 | Orc:1    | Found a roughly hewn altar of Beogh.
 23815 | Orc:2    | Entered Level 2 of the Orcish Mines
 23815 | Orc:2    | Noticed Nessos
 23828 | Orc:2    | Killed Nessos
 23828 | Orc:2    | Reached skill level 18 in Fighting
 24084 | Orc:2    | Noticed Donald
 24138 | Orc:2    | Noticed Erolcha
 24143 | Orc:2    | Killed Erolcha
 24394 | Orc:2    | Killed Donald
 24582 | Orc:2    | Received a gift from Trog
 24694 | Orc:2    | Found a staircase to the Elven Halls.
 24765 | Orc:2    | Noticed an orc warlord
 24798 | Orc:2    | Noticed Snorg
 24804 | Orc:2    | Killed an orc warlord
 25215 | Orc:2    | Found Hisem's General Store.
 25247 | Orc:2    | Found Asuwelei's Antique Armour Shop.
 25247 | Orc:2    | Found Uqanog's Antique Weapon Boutique.
 25286 | Orc:2    | Found Hier's Book Shop.
 25327 | Orc:2    | Bought a bloodstained dagger for 203 gold pieces
 25342 | Orc:2    | Identified the +4 dagger "Yfetor" {freeze, Str+7} (You bought it in a shop on level 2 of the Orcish Mines)
 25382 | Orc:2    | Bought a scroll of teleportation for 48 gold pieces
 25382 | Orc:2    | Bought the +1 ring mail "Liofoog" {Regen+ Dex+2} for 323 gold pieces
 25674 | Orc:2    | Killed Snorg
 25677 | Orc:2    | Received a gift from Trog
 26282 | D:12     | Reached XP level 16. HP: 97/116 MP: 13/16
 26941 | D:13     | Received a gift from Trog
 28130 | D:14     | Found a gate to the Vaults.
 28262 | D:14     | HP: 3/116 [something (4)]
 28743 | D:14     | Reached skill level 19 in Fighting
 28804 | D:14     | Reached skill level 15 in Dodging
 28863 | D:14     | Received a gift from Trog
 29232 | D:15     | Entered Level 15 of the Dungeon
 29289 | D:15     | Noticed Urug
 29306 | D:15     | Killed Urug
 30730 | D:15     | Found a staircase to the Depths.
 31178 | Swamp:1  | Entered Level 1 of the Swamp
 31216 | Swamp:1  | Reached skill level 10 in Armour
 31628 | Swamp:1  | Noticed Kirke
 31654 | Swamp:1  | Killed Kirke
 32046 | Swamp:1  | Reached XP level 17. HP: 46/122 MP: 7/17
 32944 | Swamp:2  | Noticed a thorn hunter
 32965 | Swamp:2  | Killed a thorn hunter
 33525 | Swamp:2  | Received a gift from Trog
 34147 | Swamp:3  | Noticed Jorgrun
 34150 | Swamp:3  | Noticed a thorn hunter
 34159 | Swamp:3  | Noticed a thorn hunter
 34173 | Swamp:3  | Killed Jorgrun
 34188 | Swamp:3  | Killed a thorn hunter
 34196 | Swamp:3  | Killed a thorn hunter
 35099 | Swamp:3  | Noticed Nikola
 35358 | Swamp:3  | Killed Nikola
 35579 | Swamp:4  | Entered Level 4 of the Swamp
 36134 | Swamp:3  | Noticed a thorn hunter
 36164 | Swamp:3  | Killed a thorn hunter
 36534 | Swamp:3  | Identified a scroll of acquirement
 36551 | Swamp:3  | Got a smoking lead ring
 36554 | Swamp:3  | Identified the ring "Cempocs" {+Inv rElec EV+2 Str+3} (You acquired it on level 3 of the Swamp)
 36659 | Swamp:4  | Reached skill level 20 in Fighting
 38447 | Swamp:4  | Received a gift from Trog
 39348 | Swamp:4  | Noticed a thorn hunter
 39356 | Swamp:4  | Reached XP level 18. HP: 129/129 MP: 6/18
 39783 | Swamp:4  | Got a decaying rune of Zot
 40169 | Vaults:1 | Entered Level 1 of the Vaults
 40203 | Vaults:1 | Cast into level 3 of the Abyss (a wizard)
 40229 | Abyss:3  | Noticed a bone dragon
 40232 | Vaults:1 | Escaped the Abyss
 40265 | Vaults:1 | Killed a bone dragon
 41291 | Vaults:1 | Received a gift from Trog
 42067 | Vaults:1 | Slain by an ogre

Skill      XL: |  1  2  3  4  5  6  7  8  9 10 11 12 13 14 15 16 17 18 |
---------------+-------------------------------------------------------+-----
Dodging        | 3 4 5 8 10 11 12 13 14 15 16 17 | 17.7
Armour         | 2 5 7 8 10 11 12 | 12.2
Fighting       | 4 5 6 7 9 11 12 13 15 17 18 19 20 | 20.8
Short Blades   | 5 6 8 9 10 12 13 14 | 14.0
Shields        | 5 6 |  6.7

Action                   |  1- 3 |  4- 6 |  7- 9 | 10-12 | 13-15 | 16-18 || total
-------------------------+-------+-------+-------+-------+-------+-------++-------
Melee: Short sword       |   132 |    35 |       |       |    43 |       ||   210
       Dagger            |       |   114 |   474 |   279 |   247 |       ||  1114
       Rapier            |       |       |       |   565 |  2094 |  2507 ||  5166
       Quick blade       |       |       |       |       |     9 |   277 ||   286
Invok: Berserk           |     1 |     2 |     6 |    12 |    25 |    28 ||    74
       Trog's Hand       |       |     1 |       |     1 |     7 |     7 ||    16
       Brothers in Arms  |       |       |       |     4 |     8 |    10 ||    22
       Burn Spellbooks   |       |       |       |       |       |     1 ||     1
Evoke: Wand              |       |       |       |     1 |     8 |       ||     9
  Use: Scroll            |       |     4 |     4 |     8 |    13 |    19 ||    48
       Potion            |       |     1 |       |     3 |     9 |     4 ||    17
 Stab: Distracted        |       |       |       |       |     2 |       ||     2
       Confused          |       |       |       |       |       |     1 ||     1
  Eat: Chunk             |    10 |     6 |    18 |    39 |    68 |    78 ||   219
       Meat ration       |       |       |       |       |       |     1 ||     1
Armor: Animal skin       |    13 |    13 |       |       |       |       ||    26
       Scale mail        |       |    16 |     3 |       |     9 |   284 ||   312
       Chain mail        |       |     8 |     1 |       |       |       ||     9
       Ring mail         |       |       |    69 |   105 |   287 |    49 ||   510
       Skin              |       |       |       |       |    29 |       ||    29
       Ice dragon scales |       |       |       |       |       |    10 ||    10
Dodge: Dodged            |    83 |    86 |   214 |   474 |  1387 |  1637 ||  3881
Block: Buckler           |       |       |       |       |   486 |   958 ||  1444
